 Dungeon Crawl Stone Soup version 0.28.0 (webtiles) character file.

Game seed: 11096498183199157807

5 Baz the Sneak (level 1, 0/18 HPs)
             Began as a Mummy Delver on Feb 14, 2022.
             Slain by an orc wizard (3 damage)
             ... on level 4 of the Dungeon.
             The game lasted 00:01:36 (225 turns).

Baz the Sneak (Mummy Delver)                         Turns: 225, Time: 00:01:36

Health: 0/18       AC:  3    Str: 15    XL:     1   Next: 66%
Magic:  1/1        EV: 11    Int:  9    God:
Gold:   36         SH:  0    Dex: 13    Spells: 1/1 levels left

rFire   x . .      SeeInvis .   a - +0 spear
rCold   + . .      Faith    .   (no shield)
rNeg    + + +      Spirit   .   b - +0 leather armour
rPois   ∞          Reflect  .   (no helmet)
rElec   .          Harm     .   (no cloak)
rCorr   .          Rampage  .   (no gloves)
Will    .....                   (no boots)
Stlth   ++........              (no amulet)
HPRegen 0.06/turn               (no ring)
MPRegen 0.07/turn               (no ring)

@: no status effects
A: cold resistance 1, negative energy resistance 3, torment resistance 2, heat
vulnerability 1, no potions
a: no special abilities


You were on level 4 of the Dungeon.
You visited 1 branch of the dungeon, and saw 3 of its levels.

You collected 36 gold pieces.

Inventory:

Hand Weapons
 a - a +0 spear (weapon)
Missiles
 g - 2 javelins (quivered)
Armour
 b - a +0 leather armour (worn)
Wands
 f - a wand of digging (3)
Scrolls
 c - a scroll of fog
 d - a scroll of magic mapping
 e - a scroll of fear


   Skills:
 + Level 3.1 Fighting
 + Level 1.7 Polearms
 + Level 1.7 Dodging
 - Level 4.1 Stealth
 + Level 0.6 Spellcasting


You had one spell level left.
You didn't know any spells.
Your spell library was empty.

Dungeon Overview and Level Annotations

Branches:
Dungeon (6/15)
 Temple: D:4-7

Altars:

Annotations:
D:5 exclusions: downstairs, jelly and necrophage


Innate Abilities, Weirdness & Mutations

You are immune to poison.
Your flesh is cold resistant. (rC+)
You are immune to negative energy. (rN+++)
You are immune to unholy pain and torment.
You are vulnerable to heat. (rF-)
You do not drink.


Message History

No target in view!
You see here a +0 falchion.
Something unseen opens the door.
An orc comes into view. It is wielding a +0 whip.
The goblin shouts!
The orc shouts!
You hear a shout!
You hear an angry hiss.
You see here a +0 falchion.
You reach to attack!
You hit the orc.
The orc is severely wounded.
You hit the orc.
You kill the orc!
An orc wizard comes into view. It is wielding a +0 dagger.
You reach to attack!
You barely miss the goblin. You barely miss the goblin. The goblin misses you.
The orc wizard mumbles some strange words.
The orc wizard flickers and vanishes!
Deactivating autopickup; reactivate with Ctrl-A.
The goblin hits you but does no damage.
You closely miss the goblin. The goblin barely misses you.
You hit the goblin.
You kill the goblin!
Something hits you but does no damage.
Items here: ))) ††.
You barely miss something. Something hits you but does no damage.
You barely miss something. Something hits you.
You barely miss something. Something hits you.
You miss something. Something hits you.
A ball python comes into view.
You barely miss something.
The ball python hisses angrily.
You hear an angry hiss.
Something hits you.
You hit something.
You hear some strange, mumbled words.
A magic dart appears from out of thin air!
The magic dart hits you.
You miss something.
The orc shouts!
Something hits you.
* * * LOW HITPOINT WARNING * * *
You closely miss something. Something hits you.
You die...

. #...!#.##..#
..#.##..........#
...............#
.......So.....#
..#.#.###.#.#...#
.........S..#...#
.=#.#.###.###...#####.
.. #{# #.>....... #.
#@# #..######. # #.#
#..# #.# .... #...#..#
.......# ###.##.#
.##.# .# .


You could see an orc and 2 ball pythons.

Vanquished Creatures
  2 orcs (D:4)
  A goblin (D:4)
3 creatures vanquished.

Notes
Turn   | Place    | Note
-------+----------+-------------------------------------------
     0 | D:5      | Baz the Mummy Delver began the quest for the Orb.
     0 | D:5      | Reached XP level 1. HP: 18/18 MP: 1/1
    14 | D:5      | Noticed a jelly
    42 | D:5      | Noticed a necrophage
   101 | D:6      | Noticed an ogre
   101 | D:6      | Noticed a necrophage
   212 | D:4      | Noticed an orc wizard
   225 | D:4      | Slain by an orc wizard

Illustrated notes

Levels and vault maps discovered:
D:4:      layout_basic, worldfamousw_hep_ancestral_shrine,
          kennysheep_crisscross, lexackson_kobold_supper, uniq_robin
D:5:      layout_layer_cave, minmay_manual_monstrance
D:6:      layout_cave_pools, temple_statues, minmay_misc_feat_secret_circle

Action                   || total
-------------------------++-------
Melee: Spear             ||    17
Armor: Leather armour    ||     3
Dodge: Dodged            ||     3
